Nashville Predators vs Edmonton Oilers
Created - Tuesday, August 19, 2025 at 08:03
Goals
|
| Nashville Predators |
0 |
2 |
0 |
2 |
| Edmonton Oilers |
0 |
5 |
1 |
6 |
|
Shots
|
| Nashville Predators |
3 |
13 |
8 |
24 |
| Edmonton Oilers |
7 |
21 |
19 |
47 |
|
1st period
No Goal
Penalties :
Yegor Sharangovich (NSH) for Tripping (Minor) at 1:55, Simon Benoit (NSH) for Tripping (Minor) at 4:57, Eetu Luostarinen (NSH) for Slashing (Minor) at 15:40, Dmitri Voronkov (NSH) for Holding (Minor) at 19:15
2nd period
1. Nashville Predators , Marco Kasper 5 (Rasmus Andersson 5) at 1:32
2. Nashville Predators , Dmitri Voronkov 7 (Marco Kasper 5, Alex Pietrangelo 8) at 2:04
3. Edmonton Oilers , Morgan Barron 3 (Dylan Holloway 4, Evan Bouchard 6) at 8:42
4. Edmonton Oilers , Corey Perry 3 (Luke Hughes 2, Brett Pesce 4) at 9:36
5. Edmonton Oilers , Jake DeBrusk 8 (Brandon Carlo 6, Jacob Trouba 6) at 10:57 (PP)
6. Edmonton Oilers , David Savard 1 (Brock Boeser 8) at 16:13 (PP)
7. Edmonton Oilers , Boone Jenner 6 (Jacob Trouba 7, Dawson Mercer 6) at 17:45 (PP)
Penalties :
Brandon Montour (NSH) for Roughing (Minor) at 10:02, Brandon Montour (NSH) for Goalie Interference (Minor) at 15:44, Brandon Montour (NSH) for Boarding (Minor) at 16:18, Brandon Montour (NSH) for Hooking (Minor) at 17:58
3rd period
8. Edmonton Oilers , Jake DeBrusk 9 (Morgan Barron 4, David Perron 1) at 13:20
Penalties :
Simon Benoit (NSH) for Interference (Minor) at 3:40, Jake Neighbours (NSH) for Roughing (Minor) at 7:19, John-Jason Peterka (NSH) for Interference (Minor) at 14:39
Goalie Stats
Samuel Ersson (NSH), 41 saves from 47 shots - (0.872), L, 2-2-0, 60:00 minutes
Jonathan Quick (EDM), 22 saves from 24 shots - (0.917), W, 6-0-0, 60:00 minutes
Players Stats for Nashville Predators
Player Name G A P +/- PIM S H SB GA TA FO MP PP MP PK MP
------------------------------------------------------------------------------------
Alex Pietrangelo 0 1 1 0 0 1 0 1 0 4 0/0 29:24 0:00 12:03
Brandon Montour 0 0 0 -1 8 1 2 1 0 1 0/0 16:55 0:00 1:30
Brandon Tanev 0 0 0 0 0 2 0 0 1 1 0/0 11:40 0:00 4:41
Dmitri Voronkov 1 0 1 2 2 1 3 0 1 0 0/0 14:46 0:00 0:48
Eetu Luostarinen 0 0 0 0 2 1 3 0 0 0 0/1 9:12 0:00 2:08
Jack Roslovic 0 0 0 -3 0 4 0 0 1 0 0/2 6:38 0:00 0:00
Jake Neighbours 0 0 0 2 2 2 2 0 0 0 0/0 13:54 0:00 0:00
James van Riemsdyk 0 0 0 -3 0 0 0 0 0 0 0/0 6:38 0:00 0:00
Jean-Gabriel Pageau 0 0 0 0 0 2 3 4 0 2 29/52 24:55 0:00 11:19
John-Jason Peterka 0 0 0 0 2 2 1 1 1 0 1/2 13:34 0:00 0:00
Lars Eller 0 0 0 0 0 0 3 0 1 0 0/2 11:40 0:00 4:41
Marco Kasper 1 1 2 2 0 1 1 1 0 0 4/10 13:44 0:00 0:00
Nick Perbix 0 0 0 0 0 0 0 0 0 0 0/0 8:17 0:00 0:00
Parker Wotherspoon 0 0 0 0 0 1 0 0 0 2 0/0 14:31 0:00 6:40
Pius Suter 0 0 0 0 0 1 2 0 0 0 0/1 25:01 0:00 11:26
Rasmus Andersson 0 1 1 0 0 3 1 1 0 1 0/0 29:12 0:00 12:17
Simon Benoit 0 0 0 -1 4 0 4 0 0 2 0/0 21:44 0:00 4:56
Yegor Sharangovich 0 0 0 -3 2 2 0 1 0 0 0/1 9:20 0:00 2:23
Players Stats for Edmonton Oilers
Player Name G A P +/- PIM S H SB GA TA FO MP PP MP PK MP
------------------------------------------------------------------------------------
Adrian Kempe 0 0 0 -1 0 4 1 2 5 1 1/2 21:41 9:36 0:00
Boone Jenner 1 0 1 1 0 4 0 0 1 0 13/28 21:16 8:59 0:00
Brandon Carlo 0 1 1 -2 0 2 2 0 1 1 0/0 26:48 9:19 0:00
Brett Pesce 0 1 1 2 0 2 1 0 0 1 0/0 10:18 0:00 0:00
Brock Boeser 0 1 1 -1 0 4 1 2 1 0 1/3 21:41 9:36 0:00
Corey Perry 1 0 1 1 0 1 0 0 0 0 0/0 6:10 0:08 0:00
David Perron 0 1 1 0 0 0 0 1 0 0 0/0 11:12 0:08 0:00
David Savard 1 0 1 1 0 3 5 0 0 0 0/0 22:54 9:24 0:00
Dawson Mercer 0 1 1 1 0 5 2 0 0 0 2/3 21:16 8:59 0:00
Drake Caggiula 0 0 0 1 0 2 0 0 0 0 0/0 5:51 0:00 0:00
Dylan Holloway 0 1 1 0 0 1 0 0 1 0 0/0 10:53 0:00 0:00
Evan Bouchard 0 1 1 1 0 2 1 1 0 0 0/0 22:54 9:24 0:00
Jacob Trouba 0 2 2 -2 0 3 0 3 0 1 0/0 26:48 9:19 0:00
Jake DeBrusk 2 0 2 1 0 9 3 0 4 0 0/2 21:16 8:59 0:00
Luke Hughes 0 1 1 2 0 0 0 0 0 1 0/0 10:18 0:00 0:00
Morgan Barron 1 1 2 0 0 2 0 0 0 0 5/8 11:18 0:10 0:00
Ryan McLeod 0 0 0 -1 0 2 0 0 0 0 13/21 21:35 9:34 0:00
Tanner Jeannot 0 0 0 1 0 1 3 0 0 0 2/4 5:51 0:00 0:00
3 Stars
1 - Jake DeBrusk (EDM)
2 - David Savard (EDM)
3 - Morgan Barron (EDM)
Power Play
Nashville Predators - 0 on 0 Attempt(s) - 0.00%
Edmonton Oilers - 3 on 12 Attempt(s) - 25.00%
Penalty Kill
Nashville Predators - 9 on 12 Attempt(s) - 75.00%
- Score 0 goal in Penalty Kill
Edmonton Oilers - 0 on 0 Attempt(s) - 0.00%
- Score 0 goal in Penalty Kill
Team Stat
Nashville Predators - Hits : 25 - Faceoff Wins : 34 - Blocked Shots : 10 - Penalty Minutes : 22
Edmonton Oilers - Hits : 19 - Faceoff Wins : 37 - Blocked Shots : 9 - Penalty Minutes : 0
Official
Referees : Graham Skilliter and Francis Charron
Linesman : Bevan Mills and James Tobias
Game Notes
18:25 of 1st period - Penalty Shot by Nick Perbix for Nashville Predators - Stopped by Jonathan Quick
3:56 of 3rd period - Edmonton Oilers goal is going for a video replay. After video review, No Goal. The puck has entered the net after making contact with an attacking player’s stick that is above the height of the crossbar.
Finance
Level 1 -- Attendance: 5715 (95.25%) -- Ticket Income $514,350
Level 2 -- Attendance: 4556 (91.12%) -- Ticket Income $227,800
Level 3 -- Attendance: 3000 (100.00%) -- Ticket Income $90,000
Level 4 -- Attendance: 5000 (100.00%) -- Ticket Income $100,000
Luxury Box -- Attendance: 927 (92.70%) -- Ticket Income $176,130
Game was played at the Rexall Place.
Total Attendance: 19198 (95.99%)
Total Ticket Income: $1,108,280
Other Income: $387,898
Total Income: $1,496,178
Nashville Predators
5 vs 5 Forward
Center Left Wing Right Wing Time % Phy DF OF
1 Jean-Gabriel Pageau John-Jason Peterka Pius Suter 37 0 2 3
2 Marco Kasper Dmitri Voronkov Jake Neighbours 33 0 2 3
3 Jack Roslovic Yegor Sharangovich James van Riemsdyk 15 0 2 3
4 Lars Eller Eetu Luostarinen Brandon Tanev 15 0 3 2
5 vs 5 Defense
Defense Defense Time % Phy DF OF
1 Alex Pietrangelo Brandon Montour 40 1 2 2
2 Simon Benoit Rasmus Andersson 36 1 4 0
3 Nick Perbix Parker Wotherspoon 24 0 5 0
4 Parker Wotherspoon Nick Perbix 0 1 3 1
PowerPlay Forward
Center Left Wing Right Wing Time % Phy DF OF
1 Jean-Gabriel Pageau John-Jason Peterka Pius Suter 65 1 1 3
2 Marco Kasper Dmitri Voronkov Jake Neighbours 35 1 1 3
PowerPlay Defense
Defense Defense Time % Phy DF OF
1 Jack Roslovic Alex Pietrangelo 50 1 1 3
2 Nick Perbix Rasmus Andersson 50 2 2 1
Penalty Kill 4 Players Forward
Center Wing Time % Phy DF OF
1 Jean-Gabriel Pageau Pius Suter 65 1 2 2
2 Lars Eller Brandon Tanev 35 1 2 2
Penalty Kill 4 Players Defense
Defense Defense Time % Phy DF OF
1 Alex Pietrangelo Rasmus Andersson 60 2 3 0
2 Simon Benoit Parker Wotherspoon 40 1 3 1
Penalty Kill - 3 Players Forward
Forward Time % Phy DF OF
1 Jean-Gabriel Pageau 50 1 2 2
2 Lars Eller 50 1 2 2
Penalty Kill - 3 Players Defense
Defense Defense Time % Phy DF OF
1 Alex Pietrangelo Rasmus Andersson 50 1 2 2
2 Simon Benoit Parker Wotherspoon 50 1 2 2
4 vs 4 Forward
Center Wing Time % Phy DF OF
1 Jean-Gabriel Pageau Pius Suter 50 1 2 2
2 Lars Eller Eetu Luostarinen 50 1 2 2
4 vs 4 Defense
Defense Defense Time % Phy DF OF
1 Rasmus Andersson Alex Pietrangelo 60 2 2 1
2 Parker Wotherspoon Simon Benoit 40 2 2 1
Last Minutes Offensive
Center Left Wing Right Wing Defense Defense
Jean-Gabriel Pageau Pius Suter John-Jason Peterka Dmitri Voronkov Brandon Montour
Last Minutes Defensive
Center Left Wing Right Wing Defense Defense
Jean-Gabriel Pageau Pius Suter Brandon Tanev Alex Pietrangelo Rasmus Andersson
Goaltenders
Starting : Samuel Ersson
Backup : Anthony Stolarz
Extra Forwards
Normal : Dmitri Voronkov, James van Riemsdyk, Eetu Luostarinen - PP : Eetu Luostarinen, James van Riemsdyk - PK : Eetu Luostarinen
Extra Defensemen
Normal : Rasmus Andersson, Parker Wotherspoon, Simon Benoit - PP : Nick Perbix - PK : Parker Wotherspoon, Brandon Montour
Penalty Shots
Dmitri Voronkov, Jake Neighbours, John-Jason Peterka, Pius Suter, Yegor Sharangovich
Scratches
Dante Fabbro (Healthy), Nikita Alexandrov (Healthy), Ryan Hartman (Healthy), Thatcher Demko (Healthy), Mads Sogaard (Healthy)
Edmonton Oilers
5 vs 5 Forward
Center Left Wing Right Wing Time % Phy DF OF
1 Ryan McLeod Adrian Kempe Brock Boeser 30 1 2 2
2 Boone Jenner Jake DeBrusk Dawson Mercer 30 1 2 2
3 Morgan Barron Dylan Holloway David Perron 25 1 2 2
4 Tanner Jeannot Drake Caggiula Corey Perry 15 1 2 2
5 vs 5 Defense
Defense Defense Time % Phy DF OF
1 Jacob Trouba Brandon Carlo 30 1 2 2
2 David Savard Evan Bouchard 30 1 2 2
3 Luke Hughes Brett Pesce 25 1 2 2
4 Jacob Trouba Brandon Carlo 15 1 2 2
PowerPlay Forward
Center Left Wing Right Wing Time % Phy DF OF
1 Ryan McLeod Adrian Kempe Brock Boeser 50 1 2 2
2 Boone Jenner Jake DeBrusk Dawson Mercer 50 1 2 2
PowerPlay Defense
Defense Defense Time % Phy DF OF
1 Jacob Trouba Brandon Carlo 50 1 2 2
2 David Savard Evan Bouchard 50 1 2 2
Penalty Kill 4 Players Forward
Center Wing Time % Phy DF OF
1 Adrian Kempe Brock Boeser 50 1 2 2
2 Jake DeBrusk Dylan Holloway 50 1 2 2
Penalty Kill 4 Players Defense
Defense Defense Time % Phy DF OF
1 Jacob Trouba Brandon Carlo 50 1 2 2
2 David Savard Evan Bouchard 50 1 2 2
Penalty Kill - 3 Players Forward
Forward Time % Phy DF OF
1 Adrian Kempe 50 1 2 2
2 Brock Boeser 50 1 2 2
Penalty Kill - 3 Players Defense
Defense Defense Time % Phy DF OF
1 Jacob Trouba Brandon Carlo 50 1 2 2
2 David Savard Evan Bouchard 50 1 2 2
4 vs 4 Forward
Center Wing Time % Phy DF OF
1 Adrian Kempe Brock Boeser 50 1 2 2
2 Jake DeBrusk Dylan Holloway 50 1 2 2
4 vs 4 Defense
Defense Defense Time % Phy DF OF
1 Jacob Trouba Brandon Carlo 50 1 2 2
2 David Savard Evan Bouchard 50 1 2 2
Last Minutes Offensive
Center Left Wing Right Wing Defense Defense
Ryan McLeod Adrian Kempe Brock Boeser Jacob Trouba Brandon Carlo
Last Minutes Defensive
Center Left Wing Right Wing Defense Defense
Ryan McLeod Adrian Kempe Brock Boeser Jacob Trouba Brandon Carlo
Goaltenders
Starting : Jonathan Quick
Backup : Juuse Saros
Extra Forwards
Normal : Morgan Barron, David Perron, Corey Perry - PP : Morgan Barron, David Perron - PK : Corey Perry
Extra Defensemen
Normal : Luke Hughes, Brett Pesce, David Savard - PP : Luke Hughes - PK : Brett Pesce, David Savard
Penalty Shots
Adrian Kempe, Brock Boeser, Jake DeBrusk, Dylan Holloway, Ryan McLeod
Scratches
Troy Stecher (Healthy), Derek Ryan (Healthy), Jeff Carter (Healthy), Scott Mayfield (Healthy), Karel Vejmelka (Healthy)
% Time on Ice - Nashville Predators
Lines # - Real PCT - Wanted PCT - Time Play
Normal Forward
1 - 34% - 37% - 13:56
2 - 34% - 33% - 13:58
3 - 16% - 15% - 6:38
4 - 16% - 15% - 6:45
Normal Defense
1 - 42% - 40% - 17:26
2 - 38% - 36% - 15:34
3 - 20% - 24% - 8:14
4 - 0% - 0% - 0:03
PP Forward
1 - 0% - 65%
2 - 0% - 35%
PP Defense
1 - 0% - 50%
2 - 0% - 50%
PK Forward
1 - 75% - 65% - 14:02
2 - 25% - 35% - 4:41
PK Defense
1 - 63% - 60% - 11:51
2 - 37% - 40% - 6:52
PK3 Forward
1 - 0% - 50%
2 - 0% - 50%
PK3 Defense
1 - 0% - 50%
2 - 0% - 50%
44 Forward
1 - 0% - 50%
2 - 0% - 50%
44 Defense
1 - 0% - 60%
2 - 0% - 40%
Last Minute Offensive - 0:00
Last Minute Defensive - 0:00
Total
Forward - 60:00
Defense - 60:00
|
% Time on Ice - Edmonton Oilers
Lines # - Real PCT - Wanted PCT - Time Play
Normal Forward
1 - 30% - 30% - 12:16
2 - 30% - 30% - 12:17
3 - 26% - 25% - 10:53
4 - 14% - 15% - 5:51
Normal Defense
1 - 33% - 30% - 13:36
2 - 33% - 30% - 13:30
3 - 25% - 25% - 10:18
4 - 9% - 15% - 3:53
PP Forward
1 - 52% - 50% - 9:44
2 - 48% - 50% - 8:59
PP Defense
1 - 50% - 50% - 9:19
2 - 50% - 50% - 9:24
PK Forward
1 - 0% - 50%
2 - 0% - 50%
PK Defense
1 - 0% - 50%
2 - 0% - 50%
PK3 Forward
1 - 0% - 50%
2 - 0% - 50%
PK3 Defense
1 - 0% - 50%
2 - 0% - 50%
44 Forward
1 - 0% - 50%
2 - 0% - 50%
44 Defense
1 - 0% - 50%
2 - 0% - 50%
Last Minute Offensive - 0:00
Last Minute Defensive - 0:00
Total
Forward - 60:00
Defense - 60:00
|
Play-by-Play
1st period
0:01 of 1st period - Brock Boeser wins face-off versus Jean-Gabriel Pageau in neutral zone.
0:04 of 1st period - Alex Pietrangelo is hit by Brandon Carlo and loses puck.
0:29 of 1st period - Snap shot by Boone Jenner.
0:29 of 1st period - Shot Misses the Net.
0:31 of 1st period - Backhand shot by Jacob Trouba.
0:31 of 1st period - Deflect By Jake DeBrusk.
0:31 of 1st period - Shot Misses the Net.
0:31 of 1st period - Puck is out of play.
0:32 of 1st period - Marco Kasper wins face-off versus Boone Jenner in Nashville Predators zone.
0:37 of 1st period - David Savard is hit by Jake Neighbours and loses puck.
0:56 of 1st period - Rasmus Andersson is hit by Jake DeBrusk and loses puck.
1:10 of 1st period - Wrist shot by Marco Kasper.
1:10 of 1st period - Shot Misses the Net.
1:38 of 1st period - Snap shot by Jake DeBrusk.
1:38 of 1st period - Stopped by Samuel Ersson without a rebound.
1:39 of 1st period - Morgan Barron wins face-off versus Jack Roslovic in Nashville Predators zone.
1:55 of 1st period - Minor Penalty to Yegor Sharangovich for Tripping.
1:56 of 1st period - Jean-Gabriel Pageau wins face-off versus Brock Boeser in Nashville Predators zone.
3:12 of 1st period - Brandon Carlo is hit by Rasmus Andersson and loses puck.
3:55 of 1st period - Penalty to Yegor Sharangovich is over, Yegor Sharangovich is back on ice.
4:17 of 1st period - David Savard is hit by Dmitri Voronkov.
4:49 of 1st period - Snap shot by Jack Roslovic.
4:49 of 1st period - Shot Blocked by Adrian Kempe.
4:57 of 1st period - Minor Penalty to Simon Benoit for Tripping.
4:58 of 1st period - Jean-Gabriel Pageau wins face-off versus Jake DeBrusk in Nashville Predators zone.
4:58 of 1st period - Jean-Gabriel Pageau is hit by Brandon Carlo.
5:24 of 1st period - Brock Boeser is hit by Lars Eller and loses puck.
6:41 of 1st period - Jacob Trouba is hit by Brandon Montour.
6:57 of 1st period - Penalty to Simon Benoit is over, Simon Benoit is back on ice.
7:22 of 1st period - Icing by Yegor Sharangovich.
7:23 of 1st period - Tanner Jeannot wins face-off versus Yegor Sharangovich in Nashville Predators zone.
7:52 of 1st period - Backhand shot by Morgan Barron.
7:52 of 1st period - Stopped by Samuel Ersson with a rebound.
8:22 of 1st period - Brandon Tanev is hit by Brock Boeser and loses puck.
8:39 of 1st period - Wrist shot by Adrian Kempe.
8:39 of 1st period - Stopped by Samuel Ersson with a rebound.
8:59 of 1st period - Wrist shot by Jean-Gabriel Pageau.
8:59 of 1st period - Shot Misses the Net.
9:15 of 1st period - Snap shot by Jack Roslovic.
9:15 of 1st period - Stopped by Jonathan Quick with a rebound.
9:17 of 1st period - Snap shot by James van Riemsdyk.
9:17 of 1st period - Shot Misses the Net.
9:19 of 1st period - Snap shot by Parker Wotherspoon.
9:19 of 1st period - Shot Blocked by Adrian Kempe.
9:21 of 1st period - Slapshot by Rasmus Andersson.
9:21 of 1st period - Shot Blocked by Jacob Trouba.
9:35 of 1st period - Lars Eller is hit by Jake DeBrusk and loses puck.
10:19 of 1st period - Marco Kasper is hit by Tanner Jeannot and loses puck.
10:34 of 1st period - Dawson Mercer is hit by Eetu Luostarinen and loses puck.
11:11 of 1st period - Simon Benoit is hit by Tanner Jeannot and loses puck.
11:31 of 1st period - Brett Pesce is hit by Brandon Montour and loses puck.
11:40 of 1st period - Slapshot by Brandon Tanev.
11:40 of 1st period - Shot Misses the Net.
11:57 of 1st period - David Savard is hit by Pius Suter and loses puck.
12:01 of 1st period - Icing by David Savard.
12:02 of 1st period - Marco Kasper wins face-off versus Boone Jenner in Edmonton Oilers zone.
12:37 of 1st period - Snap shot by Boone Jenner.
12:37 of 1st period - Shot Misses the Net.
12:39 of 1st period - Slapshot by David Savard.
12:39 of 1st period - Deflect By Boone Jenner.
12:39 of 1st period - Deflect By Marco Kasper.
12:39 of 1st period - Shot Blocked by Marco Kasper.
12:39 of 1st period - Puck is out of play.
12:40 of 1st period - Ryan McLeod wins face-off versus Jean-Gabriel Pageau in Nashville Predators zone.
12:41 of 1st period - Snap shot by Brock Boeser.
12:41 of 1st period - Deflect By Adrian Kempe.
12:41 of 1st period - Shot Blocked by Jean-Gabriel Pageau.
12:41 of 1st period - Puck is out of play.
12:42 of 1st period - Ryan McLeod wins face-off versus Jean-Gabriel Pageau in Nashville Predators zone.
12:45 of 1st period - Wrist shot by Brock Boeser.
12:45 of 1st period - Shot Misses the Net.
12:59 of 1st period - Adrian Kempe is hit by Jean-Gabriel Pageau and loses puck.
13:31 of 1st period - Wrist shot by Adrian Kempe.
13:31 of 1st period - Shot Misses the Net.
14:43 of 1st period - Off-side.
14:44 of 1st period - Jean-Gabriel Pageau wins face-off versus Boone Jenner in neutral zone.
14:57 of 1st period - Snap shot by Jake DeBrusk.
14:57 of 1st period - Stopped by Samuel Ersson with a rebound.
14:59 of 1st period - Wrist shot by Jake DeBrusk.
14:59 of 1st period - Deflect By Dawson Mercer.
14:59 of 1st period - Stopped by Samuel Ersson without a rebound.
15:00 of 1st period - Jean-Gabriel Pageau wins face-off versus Morgan Barron in Nashville Predators zone.
15:13 of 1st period - Snap shot by Dylan Holloway.
15:13 of 1st period - Shot Misses the Net.
15:25 of 1st period - Lars Eller is hit by Dawson Mercer and loses puck.
15:40 of 1st period - Minor Penalty to Eetu Luostarinen for Slashing.
15:41 of 1st period - Jean-Gabriel Pageau wins face-off versus Dawson Mercer in Nashville Predators zone.
15:45 of 1st period - Off-side.
15:46 of 1st period - Boone Jenner wins face-off versus Jean-Gabriel Pageau in neutral zone.
15:51 of 1st period - Pius Suter is hit by David Savard and loses puck.
15:56 of 1st period - Snap shot by Jake DeBrusk.
15:56 of 1st period - Stopped by Samuel Ersson without a rebound.
15:57 of 1st period - Jean-Gabriel Pageau wins face-off versus Boone Jenner in Nashville Predators zone.
17:40 of 1st period - Penalty to Eetu Luostarinen is over, Eetu Luostarinen is back on ice.
17:41 of 1st period - Jake DeBrusk is hit by Eetu Luostarinen and loses puck.
17:54 of 1st period - Slapshot by Alex Pietrangelo.
17:54 of 1st period - Stopped by Jonathan Quick with a rebound.
18:00 of 1st period - Slapshot by Brandon Tanev.
18:00 of 1st period - Shot Misses the Net.
18:02 of 1st period - Wrist shot by Rasmus Andersson.
18:02 of 1st period - Stopped by Jonathan Quick without a rebound.
18:03 of 1st period - Tanner Jeannot wins face-off versus Marco Kasper in Edmonton Oilers zone.
18:25 of 1st period - Penalty Shot by Nick Perbix for Nashville Predators.
18:25 of 1st period - Snap shot by Nick Perbix.
18:25 of 1st period - Stopped by Jonathan Quick.
18:26 of 1st period - Morgan Barron wins face-off versus John-Jason Peterka in Nashville Predators zone.
18:27 of 1st period - Slapshot by Dylan Holloway.
18:27 of 1st period - Stopped by Samuel Ersson with a rebound.
18:39 of 1st period - Snap shot by Pius Suter.
18:39 of 1st period - Shot Misses the Net.
19:15 of 1st period - Minor Penalty to Dmitri Voronkov for Holding.
19:16 of 1st period - Jean-Gabriel Pageau wins face-off versus Ryan McLeod in Nashville Predators zone.
19:27 of 1st period - Wrist shot by Brock Boeser.
19:27 of 1st period - Shot Misses the Net.
19:29 of 1st period - Snap shot by Brock Boeser.
19:29 of 1st period - Shot Blocked by Jean-Gabriel Pageau.
Goals for this period are 0 for Nashville Predators vs 0 for Edmonton Oilers.
Shots for this period are 3 for Nashville Predators vs 7 for Edmonton Oilers.
2nd period
0:01 of 2nd period - Ryan McLeod wins face-off versus Jean-Gabriel Pageau in neutral zone.
0:56 of 2nd period - Slapshot by Evan Bouchard.
0:56 of 2nd period - Deflect By Boone Jenner.
0:56 of 2nd period - Shot Misses the Net.
0:56 of 2nd period - Puck is out of play.
0:57 of 2nd period - Ryan McLeod wins face-off versus Eetu Luostarinen in Nashville Predators zone.
1:04 of 2nd period - Slapshot by Brock Boeser.
1:04 of 2nd period - Shot Misses the Net.
1:06 of 2nd period - Slapshot by Adrian Kempe.
1:06 of 2nd period - Stopped by Samuel Ersson with a rebound.
1:15 of 2nd period - Penalty to Dmitri Voronkov is over, Dmitri Voronkov is back on ice.
1:32 of 2nd period - Slapshot by Marco Kasper.
1:32 of 2nd period - Goal by Marco Kasper - Nashville Predators : 1 - Edmonton Oilers : 0.
1:33 of 2nd period - Boone Jenner wins face-off versus Jean-Gabriel Pageau in neutral zone.
1:36 of 2nd period - Snap shot by Dawson Mercer.
1:36 of 2nd period - Stopped by Samuel Ersson with a rebound.
1:38 of 2nd period - Slapshot by Jacob Trouba.
1:38 of 2nd period - Deflect By Dawson Mercer.
1:38 of 2nd period - Shot Blocked by Brandon Montour.
1:38 of 2nd period - Puck is out of play.
1:39 of 2nd period - Boone Jenner wins face-off versus Jean-Gabriel Pageau in Nashville Predators zone.
2:04 of 2nd period - Slapshot by Dmitri Voronkov.
2:04 of 2nd period - Goal by Dmitri Voronkov - Nashville Predators : 2 - Edmonton Oilers : 0.
2:05 of 2nd period - Jean-Gabriel Pageau wins face-off versus Boone Jenner in neutral zone.
2:13 of 2nd period - Snap shot by Boone Jenner.
2:13 of 2nd period - Shot Misses the Net.
2:15 of 2nd period - Wrist shot by Jake DeBrusk.
2:15 of 2nd period - Stopped by Samuel Ersson without a rebound.
2:16 of 2nd period - Ryan McLeod wins face-off versus Jean-Gabriel Pageau in Nashville Predators zone.
2:39 of 2nd period - Adrian Kempe is hit by Jean-Gabriel Pageau and loses puck.
2:50 of 2nd period - Snap shot by Adrian Kempe.
2:50 of 2nd period - Shot Misses the Net.
2:52 of 2nd period - Slapshot by Jacob Trouba.
2:52 of 2nd period - Stopped by Samuel Ersson with a rebound.
2:54 of 2nd period - Snap shot by Ryan McLeod.
2:54 of 2nd period - Stopped by Samuel Ersson without a rebound.
2:55 of 2nd period - Boone Jenner wins face-off versus Marco Kasper in Nashville Predators zone.
3:51 of 2nd period - Snap shot by Yegor Sharangovich.
3:51 of 2nd period - Shot Misses the Net.
3:53 of 2nd period - Snap shot by Jack Roslovic.
3:53 of 2nd period - Stopped by Jonathan Quick with a rebound.
3:55 of 2nd period - Slapshot by Rasmus Andersson.
3:55 of 2nd period - Stopped by Jonathan Quick with a rebound.
4:07 of 2nd period - Snap shot by Ryan McLeod.
4:07 of 2nd period - Stopped by Samuel Ersson with a rebound.
4:17 of 2nd period - Slapshot by Brock Boeser.
4:17 of 2nd period - Shot Misses the Net.
4:39 of 2nd period - Wrist shot by Morgan Barron.
4:39 of 2nd period - Shot Blocked by Alex Pietrangelo.
4:49 of 2nd period - Wrist shot by Dmitri Voronkov.
4:49 of 2nd period - Shot Misses the Net.
5:21 of 2nd period - Wrist shot by Eetu Luostarinen.
5:21 of 2nd period - Deflect By Lars Eller.
5:21 of 2nd period - Shot Misses the Net.
5:21 of 2nd period - Puck is out of play.
5:22 of 2nd period - Morgan Barron wins face-off versus Marco Kasper in Edmonton Oilers zone.
5:33 of 2nd period - David Perron is hit by Dmitri Voronkov and loses puck.
6:29 of 2nd period - Brandon Tanev is hit by Tanner Jeannot and loses puck.
6:36 of 2nd period - Brandon Tanev is hit by David Savard and loses puck.
6:45 of 2nd period - Eetu Luostarinen is hit by David Savard.
6:55 of 2nd period - Dylan Holloway is hit by Dmitri Voronkov and loses puck.
7:14 of 2nd period - Slapshot by Rasmus Andersson.
7:14 of 2nd period - Deflect By John-Jason Peterka.
7:14 of 2nd period - Stopped by Jonathan Quick without a rebound.
7:15 of 2nd period - Jean-Gabriel Pageau wins face-off versus Jake DeBrusk in Edmonton Oilers zone.
7:18 of 2nd period - Wrist shot by Jean-Gabriel Pageau.
7:18 of 2nd period - Stopped by Jonathan Quick with a rebound.
7:20 of 2nd period - Wrist shot by Jean-Gabriel Pageau.
7:20 of 2nd period - Deflect By Boone Jenner.
7:20 of 2nd period - Shot Misses the Net.
7:20 of 2nd period - Puck is out of play.
7:21 of 2nd period - Ryan McLeod wins face-off versus Jean-Gabriel Pageau in Edmonton Oilers zone.
7:21 of 2nd period - Ryan McLeod is hit by John-Jason Peterka.
7:39 of 2nd period - Jean-Gabriel Pageau is hit by Adrian Kempe and loses puck.
7:50 of 2nd period - Alex Pietrangelo is hit by Dawson Mercer and loses puck.
8:42 of 2nd period - Wrist shot by Morgan Barron.
8:42 of 2nd period - Goal by Morgan Barron - Nashville Predators : 2 - Edmonton Oilers : 1.
8:43 of 2nd period - Ryan McLeod wins face-off versus Jean-Gabriel Pageau in neutral zone.
8:46 of 2nd period - Snap shot by Brock Boeser.
8:46 of 2nd period - Stopped by Samuel Ersson without a rebound.
8:47 of 2nd period - Jean-Gabriel Pageau wins face-off versus Ryan McLeod in Nashville Predators zone.
8:52 of 2nd period - Snap shot by John-Jason Peterka.
8:52 of 2nd period - Shot Blocked by Brock Boeser.
8:54 of 2nd period - Snap shot by Jean-Gabriel Pageau.
8:54 of 2nd period - Stopped by Jonathan Quick with a rebound.
8:56 of 2nd period - Slapshot by John-Jason Peterka.
8:56 of 2nd period - Shot Misses the Net.
8:58 of 2nd period - Snap shot by Pius Suter.
8:58 of 2nd period - Shot Misses the Net.
9:00 of 2nd period - Slapshot by John-Jason Peterka.
9:00 of 2nd period - Shot Misses the Net.
9:02 of 2nd period - Snap shot by Rasmus Andersson.
9:02 of 2nd period - Stopped by Jonathan Quick with a rebound.
9:22 of 2nd period - Snap shot by Jake DeBrusk.
9:22 of 2nd period - Shot Misses the Net.
9:36 of 2nd period - Snap shot by Corey Perry.
9:36 of 2nd period - Goal by Corey Perry - Nashville Predators : 2 - Edmonton Oilers : 2.
9:37 of 2nd period - Boone Jenner wins face-off versus Jean-Gabriel Pageau in neutral zone.
9:40 of 2nd period - Snap shot by Boone Jenner.
9:40 of 2nd period - Stopped by Samuel Ersson without a rebound.
9:41 of 2nd period - Jean-Gabriel Pageau wins face-off versus Boone Jenner in Nashville Predators zone.
10:02 of 2nd period - Minor Penalty to Brandon Montour for Roughing.
10:03 of 2nd period - Jean-Gabriel Pageau wins face-off versus Ryan McLeod in Nashville Predators zone.
10:48 of 2nd period - Jacob Trouba is hit by Jean-Gabriel Pageau and loses puck.
10:57 of 2nd period - Snap shot by Jake DeBrusk.
10:57 of 2nd period - Goal by Jake DeBrusk - Nashville Predators : 2 - Edmonton Oilers : 3.
10:58 of 2nd period - Marco Kasper wins face-off versus Ryan McLeod in neutral zone.
11:42 of 2nd period - Brandon Montour is hit by Brett Pesce.
11:48 of 2nd period - Slapshot by Brandon Montour.
11:48 of 2nd period - Deflect By Lars Eller.
11:48 of 2nd period - Shot Misses the Net.
11:48 of 2nd period - Puck is out of play.
11:49 of 2nd period - Adrian Kempe wins face-off versus Marco Kasper in Edmonton Oilers zone.
11:59 of 2nd period - Off-side.
12:00 of 2nd period - Jean-Gabriel Pageau wins face-off versus Morgan Barron in neutral zone.
12:05 of 2nd period - Slapshot by John-Jason Peterka.
12:05 of 2nd period - Shot Misses the Net.
12:07 of 2nd period - Snap shot by Jean-Gabriel Pageau.
12:07 of 2nd period - Deflect By Pius Suter.
12:07 of 2nd period - Stopped by Jonathan Quick with a rebound.
12:09 of 2nd period - Snap shot by Simon Benoit.
12:09 of 2nd period - Shot Misses the Net.
12:11 of 2nd period - Slapshot by Simon Benoit.
12:11 of 2nd period - Shot Blocked by David Perron.
12:25 of 2nd period - Jacob Trouba is hit by Simon Benoit.
12:29 of 2nd period - Snap shot by Yegor Sharangovich.
12:29 of 2nd period - Stopped by Jonathan Quick with a rebound.
12:31 of 2nd period - Slapshot by Alex Pietrangelo.
12:31 of 2nd period - Shot Misses the Net.
12:33 of 2nd period - Slapshot by Alex Pietrangelo.
12:33 of 2nd period - Shot Misses the Net.
12:35 of 2nd period - Snap shot by Jack Roslovic.
12:35 of 2nd period - Stopped by Jonathan Quick with a rebound.
12:37 of 2nd period - Snap shot by Jack Roslovic.
12:37 of 2nd period - Deflect By Yegor Sharangovich.
12:37 of 2nd period - Shot Misses the Net.
12:37 of 2nd period - Puck is out of play.
12:38 of 2nd period - Ryan McLeod wins face-off versus Pius Suter in Edmonton Oilers zone.
13:04 of 2nd period - Luke Hughes is hit by Lars Eller and loses puck.
13:21 of 2nd period - Wrist shot by Adrian Kempe.
13:21 of 2nd period - Shot Misses the Net.
13:29 of 2nd period - Snap shot by Jake Neighbours.
13:29 of 2nd period - Stopped by Jonathan Quick without a rebound.
13:30 of 2nd period - Jean-Gabriel Pageau wins face-off versus Boone Jenner in Edmonton Oilers zone.
13:45 of 2nd period - Snap shot by Boone Jenner.
13:45 of 2nd period - Shot Misses the Net.
14:13 of 2nd period - Brandon Carlo is hit by Marco Kasper and loses puck.
14:28 of 2nd period - Wrist shot by Jake Neighbours.
14:28 of 2nd period - Shot Blocked by Jacob Trouba.
14:30 of 2nd period - Wrist shot by Parker Wotherspoon.
14:30 of 2nd period - Stopped by Jonathan Quick without a rebound.
14:31 of 2nd period - Jean-Gabriel Pageau wins face-off versus Boone Jenner in Edmonton Oilers zone.
15:01 of 2nd period - Backhand shot by Adrian Kempe.
15:01 of 2nd period - Stopped by Samuel Ersson with a rebound.
15:03 of 2nd period - Slapshot by Brett Pesce.
15:03 of 2nd period - Deflect By Rasmus Andersson.
15:03 of 2nd period - Stopped by Samuel Ersson with a rebound.
15:05 of 2nd period - Snap shot by Brock Boeser.
15:05 of 2nd period - Shot Misses the Net.
15:07 of 2nd period - Slapshot by Luke Hughes.
15:07 of 2nd period - Shot Blocked by Yegor Sharangovich.
15:25 of 2nd period - Icing by Brett Pesce.
15:26 of 2nd period - Jean-Gabriel Pageau wins face-off versus Tanner Jeannot in Edmonton Oilers zone.
15:35 of 2nd period - Snap shot by Drake Caggiula.
15:35 of 2nd period - Shot Misses the Net.
15:37 of 2nd period - Snap shot by Corey Perry.
15:37 of 2nd period - Shot Misses the Net.
15:39 of 2nd period - Wrist shot by Drake Caggiula.
15:39 of 2nd period - Stopped by Samuel Ersson without a rebound.
15:40 of 2nd period - Dawson Mercer wins face-off versus Jean-Gabriel Pageau in Nashville Predators zone.
15:44 of 2nd period - Minor Penalty to Brandon Montour for Goalie Interference.
15:45 of 2nd period - Jean-Gabriel Pageau wins face-off versus Ryan McLeod in Nashville Predators zone.
16:02 of 2nd period - Jean-Gabriel Pageau is hit by David Savard and loses puck.
16:13 of 2nd period - Slapshot by David Savard.
16:13 of 2nd period - Goal by David Savard - Nashville Predators : 2 - Edmonton Oilers : 4.
16:14 of 2nd period - Boone Jenner wins face-off versus Jean-Gabriel Pageau in neutral zone.
16:18 of 2nd period - Minor Penalty to Brandon Montour for Boarding.
16:19 of 2nd period - Ryan McLeod wins face-off versus Jean-Gabriel Pageau in Nashville Predators zone.
16:22 of 2nd period - Wrist shot by Adrian Kempe.
16:22 of 2nd period - Stopped by Samuel Ersson with a rebound.
16:24 of 2nd period - Wrist shot by Ryan McLeod.
16:24 of 2nd period - Shot Blocked by Jean-Gabriel Pageau.
16:26 of 2nd period - Slapshot by David Savard.
16:26 of 2nd period - Shot Blocked by Jean-Gabriel Pageau.
16:28 of 2nd period - Slapshot by David Savard.
16:28 of 2nd period - Stopped by Samuel Ersson without a rebound.
16:29 of 2nd period - Jean-Gabriel Pageau wins face-off versus Adrian Kempe in Nashville Predators zone.
16:54 of 2nd period - Pius Suter is hit by Evan Bouchard and loses puck.
17:07 of 2nd period - Slapshot by Ryan McLeod.
17:07 of 2nd period - Shot Blocked by Rasmus Andersson.
17:09 of 2nd period - Snap shot by Brock Boeser.
17:09 of 2nd period - Stopped by Samuel Ersson with a rebound.
17:11 of 2nd period - Wrist shot by Brock Boeser.
17:11 of 2nd period - Shot Misses the Net.
17:33 of 2nd period - Wrist shot by Brock Boeser.
17:33 of 2nd period - Stopped by Samuel Ersson without a rebound.
17:34 of 2nd period - Boone Jenner wins face-off versus Lars Eller in Nashville Predators zone.
17:43 of 2nd period - Snap shot by Dawson Mercer.
17:43 of 2nd period - Stopped by Samuel Ersson with a rebound.
17:45 of 2nd period - Slapshot by Jacob Trouba.
17:45 of 2nd period - Deflect By Boone Jenner.
17:45 of 2nd period - Goal by Boone Jenner - Nashville Predators : 2 - Edmonton Oilers : 5.
17:46 of 2nd period - Boone Jenner wins face-off versus Marco Kasper in neutral zone.
17:58 of 2nd period - Minor Penalty to Brandon Montour for Hooking.
17:59 of 2nd period - Boone Jenner wins face-off versus Jean-Gabriel Pageau in Nashville Predators zone.
19:58 of 2nd period - Penalty to Brandon Montour is over, Brandon Montour is back on ice.
Goals for this period are 2 for Nashville Predators vs 5 for Edmonton Oilers.
Shots for this period are 13 for Nashville Predators vs 21 for Edmonton Oilers.
3rd period
0:01 of 3rd period - Jean-Gabriel Pageau wins face-off versus Boone Jenner in neutral zone.
0:56 of 3rd period - Wrist shot by Jack Roslovic.
0:56 of 3rd period - Stopped by Jonathan Quick without a rebound.
0:57 of 3rd period - Jean-Gabriel Pageau wins face-off versus Boone Jenner in Edmonton Oilers zone.
1:52 of 3rd period - Slapshot by Simon Benoit.
1:52 of 3rd period - Shot Hit the Post.
2:01 of 3rd period - Icing by Brett Pesce.
2:02 of 3rd period - Morgan Barron wins face-off versus Jack Roslovic in Edmonton Oilers zone.
2:57 of 3rd period - Slapshot by Brandon Carlo.
2:57 of 3rd period - Stopped by Samuel Ersson without a rebound.
2:58 of 3rd period - Ryan McLeod wins face-off versus Jean-Gabriel Pageau in Nashville Predators zone.
3:07 of 3rd period - Slapshot by Brock Boeser.
3:07 of 3rd period - Stopped by Samuel Ersson with a rebound.
3:23 of 3rd period - Brock Boeser is hit by Simon Benoit and loses puck.
3:38 of 3rd period - Snap shot by Brock Boeser.
3:38 of 3rd period - Shot Misses the Net.
3:40 of 3rd period - Minor Penalty to Simon Benoit for Interference.
3:41 of 3rd period - Boone Jenner wins face-off versus Jean-Gabriel Pageau in Nashville Predators zone.
3:54 of 3rd period - Wrist shot by Dawson Mercer.
3:54 of 3rd period - Shot Misses the Net.
3:56 of 3rd period - Slapshot by Jacob Trouba.
3:56 of 3rd period - Edmonton Oilers goal is going for a video replay.
3:56 of 3rd period - The goal is refused. The puck has entered the net after making contact with an attacking player’s stick that is above the height of the crossbar..
3:57 of 3rd period - Jean-Gabriel Pageau wins face-off versus Ryan McLeod in Nashville Predators zone.
4:24 of 3rd period - Brandon Carlo is hit by Lars Eller and loses puck.
4:33 of 3rd period - Wrist shot by Dawson Mercer.
4:33 of 3rd period - Stopped by Samuel Ersson without a rebound.
4:34 of 3rd period - Jean-Gabriel Pageau wins face-off versus Ryan McLeod in Nashville Predators zone.
4:40 of 3rd period - Icing by David Savard.
4:41 of 3rd period - Ryan McLeod wins face-off versus Jean-Gabriel Pageau in Edmonton Oilers zone.
4:46 of 3rd period - Parker Wotherspoon is hit by David Savard and loses puck.
4:57 of 3rd period - Slapshot by Brandon Montour.
4:57 of 3rd period - Stopped by Jonathan Quick with a rebound.
5:17 of 3rd period - Wrist shot by Jake DeBrusk.
5:17 of 3rd period - Stopped by Samuel Ersson with a rebound.
5:19 of 3rd period - Snap shot by Evan Bouchard.
5:19 of 3rd period - Stopped by Samuel Ersson with a rebound.
5:21 of 3rd period - Slapshot by David Savard.
5:21 of 3rd period - Deflect By Lars Eller.
5:21 of 3rd period - Stopped by Samuel Ersson without a rebound.
5:22 of 3rd period - Boone Jenner wins face-off versus Jean-Gabriel Pageau in Nashville Predators zone.
5:25 of 3rd period - Snap shot by Boone Jenner.
5:25 of 3rd period - Stopped by Samuel Ersson with a rebound.
5:40 of 3rd period - Penalty to Simon Benoit is over, Simon Benoit is back on ice.
6:07 of 3rd period - Wrist shot by Jake Neighbours.
6:07 of 3rd period - Stopped by Jonathan Quick with a rebound.
6:38 of 3rd period - Off-side.
6:39 of 3rd period - Jean-Gabriel Pageau wins face-off versus Boone Jenner in neutral zone.
7:13 of 3rd period - Wrist shot by Evan Bouchard.
7:13 of 3rd period - Stopped by Samuel Ersson with a rebound.
7:19 of 3rd period - Minor Penalty to Jake Neighbours for Roughing.
7:20 of 3rd period - Jean-Gabriel Pageau wins face-off versus Boone Jenner in Nashville Predators zone.
9:19 of 3rd period - Penalty to Jake Neighbours is over, Jake Neighbours is back on ice.
9:29 of 3rd period - Backhand shot by Alex Pietrangelo.
9:29 of 3rd period - Deflect By Brandon Tanev.
9:29 of 3rd period - Stopped by Jonathan Quick without a rebound.
9:30 of 3rd period - Marco Kasper wins face-off versus Tanner Jeannot in Edmonton Oilers zone.
9:31 of 3rd period - Snap shot by Dmitri Voronkov.
9:31 of 3rd period - Shot Blocked by Jacob Trouba.
9:43 of 3rd period - Slapshot by Tanner Jeannot.
9:43 of 3rd period - Stopped by Samuel Ersson without a rebound.
9:44 of 3rd period - Jean-Gabriel Pageau wins face-off versus Morgan Barron in Nashville Predators zone.
10:18 of 3rd period - Snap shot by Dawson Mercer.
10:18 of 3rd period - Stopped by Samuel Ersson with a rebound.
10:20 of 3rd period - Wrist shot by Jake DeBrusk.
10:20 of 3rd period - Stopped by Samuel Ersson with a rebound.
10:22 of 3rd period - Slapshot by Brandon Carlo.
10:22 of 3rd period - Stopped by Samuel Ersson with a rebound.
10:34 of 3rd period - Adrian Kempe is hit by Eetu Luostarinen and loses puck.
10:57 of 3rd period - Wrist shot by Drake Caggiula.
10:57 of 3rd period - Stopped by Samuel Ersson with a rebound.
10:59 of 3rd period - Backhand shot by Brett Pesce.
10:59 of 3rd period - Stopped by Samuel Ersson with a rebound.
11:19 of 3rd period - Slapshot by Yegor Sharangovich.
11:19 of 3rd period - Stopped by Jonathan Quick with a rebound.
11:40 of 3rd period - Icing by David Savard.
11:41 of 3rd period - Dawson Mercer wins face-off versus Marco Kasper in Edmonton Oilers zone.
11:46 of 3rd period - Snap shot by Boone Jenner.
11:46 of 3rd period - Stopped by Samuel Ersson without a rebound.
11:47 of 3rd period - Boone Jenner wins face-off versus Jean-Gabriel Pageau in Nashville Predators zone.
12:00 of 3rd period - Wrist shot by Boone Jenner.
12:00 of 3rd period - Shot Blocked by John-Jason Peterka.
12:02 of 3rd period - Snap shot by Jacob Trouba.
12:02 of 3rd period - Stopped by Samuel Ersson with a rebound.
12:36 of 3rd period - Snap shot by Eetu Luostarinen.
12:36 of 3rd period - Shot Misses the Net.
12:54 of 3rd period - Brandon Carlo is hit by Pius Suter and loses puck.
13:20 of 3rd period - Snap shot by Jake DeBrusk.
13:20 of 3rd period - Goal by Jake DeBrusk - Nashville Predators : 2 - Edmonton Oilers : 6.
13:21 of 3rd period - Jean-Gabriel Pageau wins face-off versus Boone Jenner in neutral zone.
13:35 of 3rd period - Wrist shot by Jake DeBrusk.
13:35 of 3rd period - Stopped by Samuel Ersson with a rebound.
13:47 of 3rd period - Ryan McLeod is hit by Jake Neighbours and loses puck.
14:09 of 3rd period - Off-side.
14:10 of 3rd period - Morgan Barron wins face-off versus Lars Eller in neutral zone.
14:39 of 3rd period - Minor Penalty to John-Jason Peterka for Interference.
14:40 of 3rd period - Boone Jenner wins face-off versus Jean-Gabriel Pageau in Nashville Predators zone.
15:49 of 3rd period - Wrist shot by Eetu Luostarinen.
15:49 of 3rd period - Shot Blocked by Brock Boeser.
15:51 of 3rd period - Slapshot by Yegor Sharangovich.
15:51 of 3rd period - Deflect By Brock Boeser.
15:51 of 3rd period - Shot Blocked by Evan Bouchard.
15:51 of 3rd period - Puck is out of play.
15:52 of 3rd period - Ryan McLeod wins face-off versus Jean-Gabriel Pageau in Edmonton Oilers zone.
16:22 of 3rd period - Jean-Gabriel Pageau is hit by Jake DeBrusk and loses puck.
16:39 of 3rd period - Penalty to John-Jason Peterka is over, John-Jason Peterka is back on ice.
16:47 of 3rd period - Morgan Barron is hit by Simon Benoit.
17:34 of 3rd period - Slapshot by Brandon Montour.
17:34 of 3rd period - Deflect By Eetu Luostarinen.
17:34 of 3rd period - Stopped by Jonathan Quick with a rebound.
17:36 of 3rd period - Snap shot by Brandon Tanev.
17:36 of 3rd period - Stopped by Jonathan Quick without a rebound.
17:37 of 3rd period - John-Jason Peterka wins face-off versus Boone Jenner in Edmonton Oilers zone.
17:40 of 3rd period - Snap shot by Jean-Gabriel Pageau.
17:40 of 3rd period - Shot Misses the Net.
18:56 of 3rd period - Boone Jenner is hit by Simon Benoit and loses puck.
19:17 of 3rd period - Off-side.
19:18 of 3rd period - Jean-Gabriel Pageau wins face-off versus Ryan McLeod in neutral zone.
19:25 of 3rd period - Snap shot by John-Jason Peterka.
19:25 of 3rd period - Stopped by Jonathan Quick without a rebound.
19:26 of 3rd period - Ryan McLeod wins face-off versus Jean-Gabriel Pageau in Edmonton Oilers zone.
19:28 of 3rd period - Icing by Evan Bouchard.
19:29 of 3rd period - Jean-Gabriel Pageau wins face-off versus Brock Boeser in Edmonton Oilers zone.
19:30 of 3rd period - Snap shot by John-Jason Peterka.
19:30 of 3rd period - Shot Misses the Net.
19:32 of 3rd period - Slapshot by Simon Benoit.
19:32 of 3rd period - Shot Misses the Net.
19:34 of 3rd period - Slapshot by Rasmus Andersson.
19:34 of 3rd period - Deflect By John-Jason Peterka.
19:34 of 3rd period - Shot Misses the Net.
19:34 of 3rd period - Puck is out of play.
19:35 of 3rd period - Jean-Gabriel Pageau wins face-off versus Boone Jenner in Edmonton Oilers zone.
Goals for this period are 0 for Nashville Predators vs 1 for Edmonton Oilers.
Shots for this period are 8 for Nashville Predators vs 19 for Edmonton Oilers.
Back to the Top